 Dungeon Crawl Stone Soup version 0.19.0-22-gd96e5fe (webtiles) character file.

7483 Jannitor the Fighter (level 10, -2/85 HPs)
             Began as a Demonspawn Skald on Nov 18, 2016.
             Was an Elder of Okawaru.
             Slain by an orc warrior
             ... wielding a +2 long sword of holy wrath
              (21 damage)
             ... on level 10 of the Dungeon.
             The game lasted 00:33:38 (10462 turns).

Jannitor the Fighter (Demonspawn Skald)            Turns: 10462, Time: 00:33:39

Health: -2/85      AC: 11    Str: 13    XL:     10   Next: 94%
Magic:  10/19      EV: 15    Int: 16    God:    Okawaru [****..]
Gold:   607        SH:  0    Dex: 13    Spells: 6 memorised, 9 levels left

rFire  . . .     SeeInvis .     a - +0 falchion
rCold  . . .     Gourm    .     S - +1 robe {MR+}
rNeg   . . .     Faith    .     (no shield)
rPois  .         Spirit   .     v - +0 helmet
rElec  .         Reflect  .     s - +0 cloak
rCorr  .         Harm     .     x - +2 pair of gloves
MR     +....                    K - +0 pair of boots
Stlth  +.........               (no amulet)
                                (no ring)
                                (no ring)

@: infused, singing, repel missiles
A: hooves 1, icy blue scales 1, blurry vision 1, powered by death 2
a: Heroism, Renounce Religion, Stop Singing


You were on level 10 of the Dungeon.
You worshipped Okawaru.
Okawaru was greatly pleased with you.
You were hungry.

You visited 1 branch of the dungeon, and saw 10 of its levels.

You collected 607 gold pieces.

Inventory:

Hand Weapons
 a - a +0 falchion (weapon)
Armour
 b - a +0 leather armour
 s - a +0 cloak (worn)
 v - a +0 helmet (worn)
 x - a +2 pair of gloves (worn)
 D - a +0 ring mail
 J - a cursed +0 ring mail
 K - a +0 pair of boots (worn)
 S - a +1 robe of magic resistance (worn)
Jewellery
 I - a cursed ring of teleportation {unknown}
 Y - an uncursed amulet of harm {unknown}
Wands
 k - a wand of slowing (17/48)
 G - a wand of flame (9/48)
 Q - a wand of iceblast (6/15)
Scrolls
 g - 5 scrolls of teleportation
 i - 5 scrolls of remove curse
 l - 4 scrolls of recharging {unknown}
 n - 5 scrolls of amnesia
 o - a scroll of fear {unknown}
 q - 2 scrolls of noise {unknown}
 r - a scroll of magic mapping {unknown}
 y - 2 scrolls of blinking {unknown}
 C - 3 scrolls of enchant weapon {unknown}
 E - a scroll of random uselessness {unknown}
 F - 2 scrolls of immolation {unknown}
 L - 4 scrolls of identify
 P - 2 scrolls of fog {unknown}
 R - a scroll of holy word {unknown}
 V - 3 scrolls of enchant armour {unknown}
Potions
 e - 2 potions of curing
 f - 2 potions of flight {unknown}
 h - 3 potions of brilliance {unknown}
 j - 5 potions of lignification {unknown}
 t - a potion of mutation {unknown}
 u - 2 potions of degeneration
 w - 2 potions of berserk rage {unknown}
 A - 2 potions of cure mutation {unknown}
 B - 2 potions of ambrosia {unknown}
 M - a potion of magic {unknown}
 O - a potion of cancellation {unknown}
Books
 c - a book of Battle

   Spells                             Type                      Level
   a - Infusion                       Charms                       1
   b - Shroud of Golubria             Charms/Translocation         2
   c - Song of Slaying                Charms                       2
   d - Spectral Weapon                Hexes/Charms                 3
   e - Regeneration                   Charms/Necromancy            3
 H - a book of Air

   Spells                             Type                      Level
   a - Shock                          Conjuration/Air              1
   b - Swiftness                      Charms/Air                   2
   c - Repel Missiles                 Charms/Air                   2
   d - Static Discharge               Conjuration/Air              3
   e - Lightning Bolt                 Conjuration/Air              5
 T - a Young Poisoner's Handbook

   Spells                             Type                      Level
   a - Sting                          Conjuration/Poison           1
   b - Mephitic Cloud                 Conjuration/Poison/Air       3
   c - Olgreb's Toxic Radiance        Poison                       4
   d - Alistair's Intoxication        Transmutation/Poison         5
   e - Venom Bolt                     Conjuration/Poison           5
 U - a book of Changes

   Spells                             Type                      Level
   a - Beastly Appendage              Transmutation                1
   b - Sticks to Snakes               Transmutation                2
   c - Spider Form                    Transmutation/Poison         3
   d - Ice Form                       Ice/Transmutation            4
   e - Blade Hands                    Transmutation                5
Comestibles
 d - 6 bread rations
 m - 2 meat rations
 p - 2 fruits
 z - a royal jelly
 N - 8 slices of pizza


   Skills:
 + Level 10.0 Fighting
 + Level 9.2 Long Blades
 - Level 0.8 Armour
 - Level 6.6 Dodging
 + Level 6.1 Spellcasting
 + Level 6.6 Charms
 + Level 0.6 Invocations


You had 9 spell levels left.
You knew the following spells:

 Your Spells              Type           Power        Failure   Level  Hunger
a - Infusion              Chrm           ####         1%          1    None
b - Shroud of Golubria    Chrm/Tloc      ###.......   8%          2    #......
c - Song of Slaying       Chrm           ####....     1%          2    #......
d - Spectral Weapon       Hex/Chrm       ###.....     12%         3    ##.....
e - Repel Missiles        Chrm/Air       ###...       8%          2    #......
f - Swiftness             Chrm/Air       ###.....     8%          2    #......


Dungeon Overview and Level Annotations

Branches:
Dungeon (10/15)            Temple (0/1) D:4
   Lair: D:8-11         Orc: D:9-12

Altars:
Elyvilon
Gozag
Nemelex Xobeh
Okawaru
Ru
Trog
Xom
The Shining One


Innate Abilities, Weirdness & Mutations

You have large cloven feet.
You are partially covered in icy blue scales. (AC +2)
You regenerate health from kills.
Scrolls take you a little longer to read.


Message History

The orc warrior is moderately wounded.
Your spectral weapon barely misses the orc warrior.
You hit the orc warrior.
The orc warrior is heavily wounded.
Your shroud begins to fray at the edges.
Your spectral weapon hits the orc warrior but does no damage.
The orc warrior hits you with a long sword of holy wrath!!
Your shroud falls apart!
You convulse!!
* * * LOW HITPOINT WARNING * * *
The orc priest closely misses you.
Okay, then.
Unknown command.
Okay, then.
Unknown command.
You feel much better.
The orc warrior hits you with a long sword of holy wrath!!
* * * LOW HITPOINT WARNING * * *
You convulse!!
You die...

#....#..#####.##
#...............
#...###<)...#...
#######....##[###..#..
#....>.....#..)...)...
#.............#.......
#.....................
#..............#......
##...@o...####.##.###.
##..o(..## ..#.#
####.### #...# #.#
.#.. ..# >o.. ..## ...
o... .....


You could see an orc warrior, an orc priest and a friendly spectral falchion.

Vanquished Creatures
  A centaur warrior (D:8)
  Pikel (D:7)
  Prince Ribbit (D:5)
  Grinder (D:6)
  A hippogriff (D:9)
  A wyvern (D:8)
  2 hungry ghosts
  Edmund (D:3)
  Grum (D:8)
  A soldier ant (D:6)
  6 orc warriors
  Duvessa (D:6)
  2 phantoms
  3 ice beasts
  2 sky beasts
  2 wolves (D:8)
  4 ogres
  A centaur (D:8)
  Blork the orc (D:6)
  6 bullfrogs
  A gnoll sergeant (D:9)
  Dowan (D:6)
  4 scorpions
  A wyvern skeleton (D:6)
  A wyvern zombie (D:10)
  4 killer bees (D:9)
  3 howler monkeys
  3 crimson imps
  6 hounds
  A quasit (D:9)
  3 bullfrog skeletons
  2 jellies
  5 orc priests
  A centaur skeleton (D:8)
  10 worker ants
  12 orc wizards
  A hound zombie (D:8)
  A worker ant zombie (D:6)
  A howler monkey skeleton (D:7)
  8 gnolls
  9 adders
  2 shadow imps
  An ooze (D:5)
  4 worms
  A dart slug (D:1)
  2 leopard geckos
  31 orcs
  4 giant cockroaches
  9 goblins
  9 hobgoblins
  4 jackals
  4 kobolds
  6 quokkas
  2 ball pythons
  4 bats
  4 frilled lizards
  A leopard gecko skeleton (D:7)
  6 rats
211 creatures vanquished.

Vanquished Creatures (others)
  A worker ant (D:7)
  A quokka skeleton (D:7)
  5 spectral weapons
7 creatures vanquished.

Grand Total: 218 creatures vanquished

Notes
Turn   | Place    | Note
-------+----------+-------------------------------------------
     0 | D:1      | Jannitor the Demonspawn Skald began the quest for the Orb.
     0 | D:1      | Reached XP level 1. HP: 16/16 MP: 3/3
   492 | D:1      | Gained mutation: You are partially covered in icy blue scales. (AC +2) [demonic ancestry]
   492 | D:1      | Reached XP level 2. HP: 20/22 MP: 3/5
   668 | D:1      | Found a sparkling altar of Nemelex Xobeh.
   974 | D:1      | Learned a level 2 spell: Shroud of Golubria
  1189 | D:2      | Gained mutation: You have large cloven feet. [demonic ancestry]
  1189 | D:2      | Reached XP level 3. HP: 27/28 MP: 2/6
  1592 | D:3      | Found a sacrificial altar of Ru.
  1723 | D:3      | Reached XP level 4. HP: 24/34 MP: 5/8
  2450 | D:3      | Gained mutation: You regenerate a little health from kills. [demonic ancestry]
  2450 | D:3      | Reached XP level 5. HP: 23/40 MP: 4/9
  2626 | D:4      | Noticed Edmund
  2671 | D:3      | HP: 2/40 [Edmund/flail of draining (2)]
  2675 | D:3      | Killed Edmund
  2675 | D:3      | Reached skill level 3 in Fighting
  2675 | D:3      | Reached XP level 6. HP: 10/47 MP: 9/11
  3423 | D:4      | Found a sparkling altar of Nemelex Xobeh.
  3546 | D:5      | Entered Level 5 of the Dungeon
  3810 | D:5      | Noticed Prince Ribbit
  3870 | D:5      | Reached skill level 4 in Fighting
  3870 | D:5      | Reached XP level 7. HP: 31/54 MP: 2/12
  4007 | D:5      | Reached skill level 8 in Fighting
  4007 | D:5      | Reached XP level 8. HP: 69/69 MP: 13/13
  4052 | D:5      | Killed Prince Ribbit
  4099 | D:5      | Gained mutation: Scrolls take you a little longer to read. [mutagenic meat]
  4328 | D:5      | Found a glowing golden altar of the Shining One.
  4469 | D:5      | Found an iron altar of Okawaru.
  4477 | D:5      | Became a worshipper of Warmaster Okawaru
  4830 | D:5      | Learned a level 2 spell: Song of Slaying
  4834 | D:5      | Learned a level 3 spell: Spectral Weapon
  5241 | D:6      | Noticed Blork the orc
  5291 | D:4      | Found a staircase to the Ecumenical Temple.
  5740 | D:6      | Noticed Grinder
  5761 | D:6      | Gained mutation: You regenerate health from kills. [demonic ancestry]
  5761 | D:6      | Reached XP level 9. HP: 64/75 MP: 7/15
  5773 | D:6      | Killed Grinder
  5773 | D:6      | Reached skill level 5 in Charms
  5825 | D:6      | Reached * piety under Okawaru
  6005 | D:6      | Killed Blork the orc
  6034 | D:6      | Learned a level 2 spell: Repel Missiles
  6037 | D:6      | Learned a level 2 spell: Swiftness
  6139 | D:6      | Found a shimmering altar of Xom.
  6141 | D:6      | Found a shadowy altar of Dithmenos.
  6141 | D:6      | Found a glowing golden altar of the Shining One.
  6174 | D:6      | Found a sparkling altar of Nemelex Xobeh.
  6174 | D:6      | Found a glowing golden altar of the Shining One.
  6174 | D:6      | Found a white marble altar of Elyvilon.
  6445 | D:6      | Noticed Dowan
  6446 | D:6      | Noticed Duvessa
  6468 | D:6      | Reached skill level 9 in Fighting
  6477 | D:6      | Killed Duvessa
  6497 | D:6      | Killed Dowan
  6699 | D:6      | Reached skill level 5 in Spellcasting
  6863 | D:7      | Reached ** piety under Okawaru
  6874 | D:7      | Upgraded the game from 0.19.0-20-gbc5f0c6 to 0.19.0-22-gd96e5fe
  7043 | D:7      | Noticed Pikel
  7075 | D:7      | Killed Pikel
  7444 | D:7      | Reached XP level 10. HP: 83/83 MP: 5/17
  7542 | D:8      | Noticed Grum
  7552 | D:8      | Killed Grum
  8130 | D:8      | Noticed a centaur warrior
  8144 | D:8      | Killed a centaur warrior
  8144 | D:8      | Reached *** piety under Okawaru
  9131 | D:9      | Found a bloodstained altar of Trog.
  9179 | D:9      | Reached **** piety under Okawaru
  9271 | D:9      | Found an opulent altar of Gozag.
  9716 | D:10     | Entered Level 10 of the Dungeon
  9937 | D:9      | Reached skill level 10 in Fighting
 10462 | D:10     | Slain by an orc warrior

Skill      XL: |  1  2  3  4  5  6  7  8  9 10 |
---------------+-------------------------------+-----
Long Blades    | 2 3 7 8 9 |  9.2
Charms         | 3 4 5 6 |  6.6
Spellcasting   | 3 4 5 6 |  6.1
Fighting       | 3 4 8 9 10 | 10.0
Dodging        | 6 |  6.6
Armour         | |  0.8
Invocations    | |  0.6

Action                   |  1- 3 |  4- 6 |  7- 9 | 10-12 || total
-------------------------+-------+-------+-------+-------++-------
Melee: Falchion          |   112 |   150 |   518 |   421 ||  1201
       Kick              |    11 |    38 |    91 |       ||   140
 Cast: Infusion          |     9 |     5 |    14 |    13 ||    41
       Shroud of Golubri |     2 |    14 |    22 |    17 ||    55
       Spectral Weapon   |       |       |     2 |    15 ||    17
       Song of Slaying   |       |       |       |    13 ||    13
       Repel Missiles    |       |       |       |     1 ||     1
Invok: Heroism           |       |       |     2 |       ||     2
  Use: Potion            |       |     4 |     7 |     4 ||    15
       Scroll            |       |     3 |     1 |     1 ||     5
 Stab: Distracted        |       |       |       |     2 ||     2
  Eat: Chunk             |     3 |     2 |    15 |    14 ||    34
       Bread ration      |       |     1 |       |       ||     1
       Pizza             |       |     1 |       |       ||     1
Armor: Leather armour    |    43 |    76 |   149 |    99 ||   367
       Robe              |       |       |       |    67 ||    67
Dodge: Dodged            |    65 |    70 |   270 |   355 ||   760
       Deflected         |       |       |       |     3 ||     3
       Rpst.: Falchion   |    15 |    25 |    83 |   109 ||   232
